 Dungeon Crawl Stone Soup version 0.28.0-55-gcd9437bce4 (webtiles) character file.

Game seed: 9181158823569860555

12910 Atelerd the Thaumaturge (level 12, -1/72 HPs)
             Began as an Octopode Earth Elementalist on Jan 2, 2023.
             Was a Priest of Sif Muna.
             Slain by a centaur (2 damage)
             ... on level 11 of the Dungeon.
             The game lasted 00:30:16 (14712 turns).

Atelerd the Thaumaturge (OpEE)                     Turns: 14712, Time: 00:30:17

Health: -1/72      AC:  4    Str:  7    XL:     12   Next: 0%
Magic:  26/26      EV: 14    Int: 23    God:    Sif Muna [***...]
Gold:   808        SH:  5    Dex: 12    Spells: 20/31 levels left

rFire   + + .      SeeInvis .   A - +5 rapier of Xuroedid {flame, Fly rF+}
rCold   + . .      Faith    .   D - +0 buckler {AC+3}
rNeg    . . .      Spirit   .   (helmet restricted)
rPois   .          Reflect  .   (no amulet)
rElec   .          Harm     .   B - ring of protection from fire
rCorr   .          Rampage  .   C - ring of protection from cold
Will    .....                   (no ring)
Stlth   +++++.....              (no ring)
HPRegen 0.22/turn               (no ring)
MPRegen 0.20/turn               (no ring)
                                (no ring)
                                (no ring)

@: mighty, flying, invisible
A: almost no armour, amphibious, 8 rings, camouflage 1, gelatinous body 1,
(nimble swimmer 1), tentacles
a: Renounce Religion, Channel Magic, Forget Spell


You were on level 11 of the Dungeon.
You worshipped Sif Muna.
Sif Muna was most pleased with you.
You visited 3 branches of the dungeon, and saw 13 of its levels.
You also visited: Bailey.

You collected 913 gold pieces.
You spent 105 gold pieces at shops.

Inventory:

Hand Weapons
 a - a +0 dagger
 i - a +0 dagger of electrocution
 A - the +5 rapier of Xuroedid (weapon) {flame, Fly rF+}
   (You found it on level 5 of the Dungeon)

   It burns those it strikes, dealing additional fire damage.
   rF:        It protects you from fire.
   Fly:       It grants you flight.
 H - the +1 hand axe of Spring {freeze, Int+4 SInv}
   (You took it off an orc wizard on level 6 of the Dungeon)

   It freezes those it strikes, dealing additional cold damage.
   It can also slow down cold-blooded creatures.
   Int:       It affects your intelligence (+4).
   SInv:      It lets you see invisible.
 N - a +6 long sword
Missiles
 b - 124 stones
Armour
 t - a +2 buckler of reflection
 D - a +0 buckler of protection (worn)
Magical Staves
 g - a staff of conjuration
Jewellery
 l - a ring of ice
 B - a ring of protection from fire (left tentacle)
 C - a ring of protection from cold (right tentacle)
Wands
 n - a wand of flame (66)
 F - a wand of polymorph (9)
 I - a wand of digging (2)
Scrolls
 e - 3 scrolls of immolation
 h - a scroll of fog
 j - 2 scrolls of blinking
 k - 3 scrolls of amnesia
 p - 2 scrolls of noise
 w - 5 scrolls of enchant weapon
 x - a scroll of vulnerability
 y - a scroll of torment
 E - a scroll of brand weapon
 G - a scroll of fear
 L - 2 scrolls of enchant armour
Potions
 c - 2 potions of attraction
 f - a potion of haste
 m - 2 potions of cancellation
 o - a potion of degeneration
 q - a potion of might
 r - a potion of heal wounds {unknown}
 s - 3 potions of brilliance
 v - 2 potions of resistance
 z - a potion of magic
 J - a potion of mutation {unknown}
 K - a potion of flight
Miscellaneous
 u - a tin of tremorstones (2/2)


   Skills:
 - Level 3.0 Fighting
 - Level 3.0 Short Blades
 - Level 6.0 Dodging
 - Level 10.0 Stealth
 + Level 6.7 Shields
 - Level 10.0 Spellcasting
 - Level 2.0 Conjurations
 - Level 1.0 Translocations
 + Level 4.9 Transmutations
 + Level 7.6 Earth Magic
 + Level 5.1 Invocations


You had 20 spell levels left.
You knew the following spells:

 Your Spells              Type           Power      Damage    Failure   Level
a - Sandblast             Erth           92%        2d19      1%          1
b - Fulminant Prism       Conj/Hex       8%         3d7       43%         4
c - Blink                 Tloc           32%        N/A       7%          2
p - Petrify               Tmut/Erth      40%        N/A       5%          4

Your spell library contained the following spells:

 Spells                   Type           Power      Damage    Failure   Level
 Passwall                 Tmut/Erth      33%        N/A       1%          2
 Magic Dart               Conj           80%        1d7       3%          1
 Stone Arrow              Conj/Erth      66%        3d11      3%          3
 Searing Ray              Conj           40%        2d5       4%          2
 Gell's Gravitas          Tloc           16%        N/A       14%         3
 Lesser Beckoning         Tloc           16%        N/A       14%         3
 Teleport Other           Tloc           16%        N/A       14%         3
 Confusing Touch          Hex            11%        N/A       22%         3
 Yara's Violent Unravell  Hex/Tmut       11%        3d6       58%         5
 Manifold Assault         Tloc           16%        N/A       78%         5
 Enfeeble                 Hex            5%         N/A       100%        7


Dungeon Overview and Level Annotations

Branches:
Dungeon (11/15)            Temple (1/1) D:7            Lair (0/6) D:10
    Orc (1/2) D:9          Bailey (visited)

Altars:
Ashenzari
Dithmenos
Elyvilon
Fedhas
Gozag
Hepliaklqana
Kikubaaqudgha
Makhleb
Nemelex Xobeh
Okawaru
Qazlal
Ru
Sif Muna
Trog
Uskayaw
Vehumet
Wu Jian
Xom
Yredelemnul
The Shining One
Ignis

Shops:
D:5 (   D:6 *   D:10 *

Annotations:
D:2 exclusion: downstairs
D:6 exclusion: downstairs
D:8 Maurice
D:10 exclusions: 2 statues and upstairs


Innate Abilities, Weirdness & Mutations

You cannot wear most types of armour.
You are amphibious.
You can wear up to eight rings at the same time.
Your skin changes colour to match your surroundings (Stealth+).
Your rubbery body absorbs attacks. (AC +1, EV +1)
((You are camouflaged when in or above water. (Stealth+)))
You have tentacles for arms and can constrict up to eight enemies at once.


Message History

You feel better.
The centaur shoots an arrow.
The arrow hits you.
* * * LOW HITPOINT WARNING * * *
The centaur barely misses you.
The centaur kicks you but does no damage.
The centaur misses you. x2; You block the centaur's attack.
The centaur closely misses you.
Unknown command.
You fade into invisibility!
The centaur closely misses you. You block the centaur's attack.
The centaur misses you.
The centaur kicks you but does no damage.
The centaur hits you but does no damage.
You block the centaur's attack.
The centaur unwields a +0 shortbow.
The centaur hits you.
* * * LOW HITPOINT WARNING * * *
The centaur barely misses you. The centaur misses you.
You block the centaur's attack. The centaur misses you.
The centaur completely misses you. The centaur misses you.
The centaur closely misses you.
You feel better. The centaur closely misses you.
You block the centaur's attack. x2; The centaur completely misses you.
The centaur closely misses you. x2; The centaur hits you.
* * * LOW HITPOINT WARNING * * *
The centaur misses you.
Unknown command.
You feel better. The centaur closely misses you. The centaur barely misses you.
You block the centaur's attack. x2; The centaur barely misses you.
The centaur kicks you.
* * * LOW HITPOINT WARNING * * *
The centaur misses you. The centaur completely misses you.
The centaur hits you.
* * * LOW HITPOINT WARNING * * *
The centaur kicks you but does no damage.
The centaur hits you.
* * * LOW HITPOINT WARNING * * *
The centaur kicks you.
* * * LOW HITPOINT WARNING * * *
The centaur barely misses you. The centaur closely misses you.
The centaur hits you.
You die...

.........#.....#......
.......................
.................#
...........#......
..........##......
.<......§.§.......
......§§.§§.......
....§.§§§§§.......
....§..§@c##.....
....§.§ccc§......
....?.§§§§§.....#
.......§§........
....cc...........
................
.........#.<...#
...##...#......


You could see 4 centaurs.

Vanquished Creatures
  2 two-headed ogres
  A centaur warrior (D:8)
  Pikel (D:8)
  A manticore (D:7)
  A gargoyle (Bailey)
  3 trolls
  A shadow (D:9)
  14 yaks
  3 vampires
  Eustachio (D:5)
  A steam dragon (D:9)
  4 vampire mosquitoes (D:10)
  An acid dragon (D:9)
  A hornet zombie (D:7)
  A black bear (D:3)
  4 necrophages
  10 orc warriors
  2 sky beasts
  2 centaurs (D:9)
  4 ogres
  A lemure (D:8)
  2 phantoms
  2 kobold brigands
  Blork the orc (D:6)
  A gnoll sergeant (D:7)
  2 bullfrogs (D:8)
  3 scorpions
  3 water moccasin zombies
  A wyvern skeleton (D:7)
  9 killer bees
  A wight (D:9)
  8 wolf zombies (Bailey)
  8 vampire bats (Bailey)
  2 howler monkeys (D:9)
  5 centaur zombies
  3 jellies
  A bullfrog skeleton (D:6)
  4 hounds
  6 orc priests
  A centaur skeleton (D:4)
  2 iguanas
  A gnoll shaman (D:5)
  A scorpion zombie (D:5)
  11 orc wizards
  Natasha (thrice) (D:2)
  A hound skeleton (D:5)
  2 howler monkey zombies (D:9)
  17 gnolls
  A howler monkey skeleton (D:3)
  6 adders
  An ufetubus (D:6)
  An adder skeleton (D:4)
  A worm (D:3)
  5 dart slugs
  48 orcs
  6 bats
  9 endoplasms
  3 giant cockroaches
  15 goblins
  8 hobgoblins
  2 jackals (D:2)
  4 quokkas
  10 ball pythons
  2 frilled lizards (D:2)
  11 kobolds
  14 orc zombies (Bailey)
  7 rats
314 creatures vanquished.

Notes
Turn   | Place    | Note
-------+----------+-------------------------------------------
     0 | D:1      | Atelerd the Octopode Earth Elementalist began the quest for
                  | the Orb.
     0 | D:1      | Reached XP level 1. HP: 11/11 MP: 3/3
   244 | D:1      | Reached XP level 2. HP: 17/17 MP: 0/5
   844 | D:1      | Reached XP level 3. HP: 21/21 MP: 6/6
  1120 | D:2      | Noticed Natasha
  1127 | D:2      | Killed Natasha
  1128 | D:2      | Reached XP level 4. HP: 27/27 MP: 7/7
  1242 | D:2      | Noticed Natasha
  1250 | D:2      | Killed Natasha
  1416 | D:2      | Noticed a floating eye
  1418 | D:2      | Found a faded altar of an unknown god.
  1420 | D:2      | Noticed a great orb of eyes
  1421 | D:2      | Noticed a shining eye
  1421 | D:2      | Noticed a floating eye
  1504 | D:2      | Noticed Natasha
  1515 | D:2      | Killed Natasha
  1516 | D:2      | Reached XP level 5. HP: 8/31 MP: 7/9
  2177 | D:3      | Learned a level 4 spell: Petrify
  2400 | D:3      | Noticed a black bear
  2964 | D:3      | You fall into a shaft and drop 1 floor!
  3021 | D:4      | Reached XP level 6. HP: 36/36 MP: 5/10
  3111 | D:4      | Found a broken altar of Ashenzari.
  3296 | D:4      | Reached skill level 5 in Stealth
  4078 | D:4      | Reached XP level 7. HP: 38/41 MP: 8/12
  4770 | D:4      | Found a blossoming altar of Fedhas.
  4784 | D:4      | Found a shimmering altar of Xom.
  4818 | D:4      | Found a hide-covered altar of Uskayaw.
  4837 | D:5      | Entered Level 5 of the Dungeon
  4916 | D:5      | Reached skill level 5 in Earth Magic
  5274 | D:5      | Reached XP level 8. HP: 32/46 MP: 11/14
  5375 | D:5      | Found an iron altar of Okawaru.
  5552 | D:5      | Found Jewkammu's Weapon Boutique.
  5582 | D:5      | Reached skill level 5 in Spellcasting
  5854 | D:5      | Identified the +5 rapier of Xuroedid {flame, Fly rF+}
  5858 | D:5      | Noticed Eustachio
  5869 | D:5      | Killed Eustachio
  5870 | D:5      | Reached skill level 1 in Short Blades
  6482 | D:6      | Found Gusmets's General Store.
  6574 | D:6      | Bought a potion of curing for 33 gold pieces
  6912 | D:6      | Reached skill level 1 in Shields
  6980 | D:6      | Learned a level 2 spell: Blink
  7156 | D:6      | Reached XP level 9. HP: 43/51 MP: 18/18
  7273 | D:6      | Noticed Blork the orc
  7282 | D:6      | Killed Blork the orc
  7721 | D:7      | Found a staircase to the Ecumenical Temple.
  7741 | Temple   | Entered the Ecumenical Temple
  7768 | Temple   | Became a worshipper of Sif Muna the Loreminder
  7864 | D:7      | Noticed a manticore
  7946 | D:7      | Identified the +1 hand axe of Spring {freeze, Int+4 SInv}
  7975 | D:6      | Reached skill level 1 in Translocations
  7980 | D:6      | Bought a potion of lignification for 33 gold pieces
  7995 | D:6      | Identified a scroll of acquirement
  7996 | D:6      | Acquired 402 gold pieces
  8536 | D:7      | Found a bloodstained altar of Trog.
  8645 | D:7      | Killed a manticore
  8646 | D:7      | Reached XP level 10. HP: 56/56 MP: 7/22
  8960 | D:7      | Found a burning altar of Makhleb.
  9014 | D:8      | Reached * piety under Sif Muna
  9333 | D:8      | Noticed Pikel
  9361 | D:8      | Killed Pikel
  9415 | D:8      | Learned a level 4 spell: Fulminant Prism
  9444 | D:8      | Noticed a centaur warrior
  9902 | D:8      | Killed a centaur warrior
  9903 | D:8      | Reached skill level 1 in Fighting
  9903 | D:8      | Reached skill level 10 in Spellcasting
  9903 | D:8      | Reached skill level 1 in Invocations
 10054 | D:8      | Noticed Maurice
 10109 | D:9      | Found a staircase to the Orcish Mines.
 10118 | Orc:1    | Entered Level 1 of the Orcish Mines
 10309 | D:9      | Found a flagged portal.
 10323 | Bailey   | Entered a bailey
 10582 | Bailey   | Noticed a gargoyle
 10703 | Bailey   | Killed a gargoyle
 10704 | Bailey   | Reached skill level 1 in Conjurations
 11042 | Bailey   | Reached ** piety under Sif Muna
 11650 | D:10     | Entered Level 10 of the Dungeon
 11743 | D:10     | Found Boodio Niss's Assorted Antiques.
 11753 | D:10     | Reached XP level 11. HP: 59/65 MP: 18/25
 11803 | D:10     | Reached skill level 5 in Shields
 11965 | D:10     | Bought a scroll labelled TIPPIU POBRUK for 21 gold pieces
 11965 | D:10     | Bought a murky coppery potion for 18 gold pieces
 12008 | D:10     | Found a staircase to the Lair.
 12373 | D:10     | Noticed a two-headed ogre
 12385 | D:10     | Killed a two-headed ogre
 12444 | D:10     | Found an ancient bone altar of Kikubaaqudgha.
 12562 | D:10     | Reached *** piety under Sif Muna
 12658 | D:10     | Reached skill level 5 in Dodging
 12929 | D:10     | Reached skill level 10 in Stealth
 13160 | D:10     | Noticed an archer statue
 13274 | D:10     | Noticed an archer statue
 14489 | D:9      | Noticed a two-headed ogre
 14507 | D:9      | Killed a two-headed ogre
 14508 | D:9      | Reached skill level 5 in Invocations
 14530 | D:9      | Reached XP level 12. HP: 57/72 MP: 18/26
 14712 | D:11     | HP: 3/72 [centaur (5)]
 14712 | D:11     | HP: 1/72 [centaur (2)]
 14712 | D:11     | Slain by a centaur

Illustrated notes

Levels and vault maps discovered:
D:1:      minmay_arrival_hallway, layout_loops_ring, minmay_pentomino_s4
D:2:      minmay_razor_zed, layout_rooms,
          hellmonk_ecumenical_altar_watching_god, uniq_natasha
D:3:      layout_basic, hex_tiny, grunt_ministairs_8
D:4:      kennysheep_six_static_rooms, layout_basic,
          nicolae_overflow_quartered_altars, fountainhead,
          kennysheep_nondescript
D:5:      layout_loops_corners, mainiacjoe_overflow_surrounded_room,
          serial_shops, nicolae_shop_bloodbath_and_beyond, uniq_eustachio
D:6:      minmay_spotlight, layout_loops_corners, nicolae_stop_n_shop_1,
          uniq_blork_the_orc
D:7:      layout_cave_pools, trog_antimagical, makhleb_blood_cavern_becter,
          nicolae_overflow_hidden_temple, minmay_temple_entry_slanted
D:8:      layout_basic, serial_corexii_hall, chequers_hall_statues_y,
          corexii_hall_statues_i, corexii_hall_statues_x,
          chequers_hall_statues_y, corexii_hall_statues_l,
          chequers_hall_statues_wall_a, uniq_maurice, uniq_pikel
D:9:      layout_cave_pools, david_orc_3, enter_bailey_5, evilmike_minifort
D:10:     layout_loops_cross, kennysheep_mini, lair_entry_dummy, serial_shops,
          nicolae_square_shop, minmay_misc_feat_columns,
          minmay_dual_archer_statues
D:11:     layout_cave_pools, serial_shops, shop, portal_ice_cave_entry_pillars_2
Temple:   pdpol_scorched_temple
Orc:1:    layout_caves, gammafunk_ghost_fury_of_okawaru, serial_shops, shop,
          uniq_urug

Skill      XL: |  1  2  3  4  5  6  7  8  9 10 11 |
---------------+----------------------------------+-----
Stealth        | 3 4 5 6 7 8 10 | 10.0
Transmutations | 2 3 4 |  4.9
Spellcasting   | 3 4 6 8 10 | 10.0
Earth Magic    | 4 5 6 7 |  7.6
Short Blades   | 3 |  3.0
Shields        | 2 4 6 |  6.7
Translocations | 1 |  1.0
Fighting       | 2 3 |  3.0
Invocations    | 2 5 |  5.1
Conjurations   | 2 |  2.0
Dodging        | 3 6 |  6.0

Action                   |  1- 3 |  4- 6 |  7- 9 | 10-12 || total
-------------------------+-------+-------+-------+-------++-------
Melee: Dagger            |    29 |    92 |    31 |       ||   152
       Constrict         |     8 |    21 |    23 |    23 ||    75
       Unarmed           |     1 |       |       |    20 ||    21
       Tentacles         |     4 |    20 |    19 |    35 ||    78
       Punch             |     1 |     2 |     2 |     5 ||    10
       Rapier            |       |       |    61 |   183 ||   244
       Hand axe          |       |       |       |     1 ||     1
 Cast: Sandblast         |    16 |    49 |    94 |   170 ||   329
       Petrify           |       |     3 |    19 |    67 ||    89
Invok: Channel Magic     |       |       |       |     2 ||     2
Evoke: Wand              |       |       |       |     1 ||     1
  Use: Scroll            |       |     3 |     6 |    15 ||    24
       Potion            |       |       |     2 |    10 ||    12
 Stab: Sleeping          |    11 |    13 |    11 |    20 ||    55
       Petrified         |       |       |    23 |    60 ||    83
       Petrifying        |       |       |     1 |     3 ||     4
Armor: Skin              |     2 |    13 |     9 |    69 ||    93
Dodge: Dodged            |    17 |    48 |    53 |   174 ||   292
Block: Buckler           |       |       |     3 |    84 ||    87
